 Dungeon Crawl Stone Soup version 0.25-a0-705-ge9988fc0fb (webtiles) character file.

Game seed: 3299944312120588761, levelgen mode: deterministic

318 Maedhros the Sneak (level 6, -7/38 HPs)
             Began as an Octopode Artificer on Apr 4, 2020.
             Mangled by an orc warrior
             ... wielding a +0 glaive
              (27 damage)
             ... on level 4 of the Dungeon.
             The game lasted 00:02:31 (2005 turns).

Maedhros the Sneak (Octopode Artificer)             Turns: 2005, Time: 00:02:31

Health: -7/38      AC:  4    Str: 12    XL:     6   Next: 45%
Magic:  9/9        EV: 14    Int: 13    God:
Gold:   77         SH:  5    Dex: 14    Spells: 5/5 levels left

rFire    . . .     SeeInvis .   a - +0 short sword
rCold    . . .     Gourm    .   l - +1 buckler {AC+3}
rNeg     . . .     Faith    .   (helmet restricted)
rPois    .         Spirit   .   q - amulet of the acrobat
rElec    .         Reflect  .   (no ring)
rCorr    .         Harm     .   (no ring)
MR       .....                  (no ring)
Stlth    ++++......             (no ring)
HPRegen  0.12/turn              (no ring)
MPRegen  0.11/turn              (no ring)
                                (no ring)
                                (no ring)

@: no status effects
A: almost no armour, stealthy swim, amphibious, 8 rings, constrict 8, camouflage
1, gelatinous body 1
a: no special abilities


You were on level 4 of the Dungeon.
You were not hungry.

You visited 1 branch of the dungeon, and saw 4 of its levels.

You collected 77 gold pieces.

Inventory:

Hand Weapons
 a - a +0 short sword (weapon)
Missiles
 g - 25 poisoned darts (quivered)
Armour
 l - a +1 buckler of protection (worn)
Jewellery
 q - an amulet of the acrobat (around mantle)
Wands
 b - a wand of flame (12)
 c - a wand of enslavement (25)
 d - a wand of random effects (10)
Scrolls
 h - a scroll of magic mapping {unknown}
 i - 2 scrolls of teleportation {unknown}
 k - a scroll of remove curse {unknown}
 m - a scroll of amnesia {unknown}
 n - a scroll of identify {unknown}
 o - a scroll of fog {unknown}
Potions
 e - a potion of brilliance {unknown}
 j - a potion of mutation {unknown}
 p - a potion of might {unknown}
 r - a potion of cancellation {unknown}
Comestibles
 f - 3 rations


   Skills:
 - Level 1.0 Fighting
 - Level 1.0 Short Blades
 + Level 3.1 Dodging
 + Level 5.3 Stealth
 + Level 2.2 Shields
 + Level 5.2 Evocations


You had 5 spell levels left.
You didn't know any spells.
Your spell library was empty.

Dungeon Overview and Level Annotations

Branches:
Dungeon (4/15)
 Temple: D:4-7

Altars:

Shops:
D:4 }


Innate Abilities, Weirdness & Mutations

You cannot wear most types of armour.
You are very stealthy in the water. (Stealth+)
You are amphibious.
You can wear up to eight rings at the same time.
You can use your tentacles to constrict eight enemies at once.
Your skin changes colour to match your surroundings (Stealth+).
Your rubbery body absorbs attacks. (AC +1, EV +1)


Message History

The orc warrior is moderately wounded.
The fireball engulfs the orc!
You kill the orc!
The fireball engulfs the leopard gecko!!
You kill the leopard gecko!
You hear an angry hiss.
You hear a shout! x3
Evoke which item? (* to show all) (? for menu, Esc to quit)
Aiming: Enslavement
Press: ? - help, Shift-Dir - straight line, f/p - orc warrior
Aim: an orc warrior, wielding a +0 glaive and wearing a +0 chain mail (moderately wounded, fast, chance to defeat MR: 62%)
The orc warrior resists with significant effort.
You block the orc warrior's attack.
Evoke which item? (* to show all) (? for menu, Esc to quit)
Aiming: Enslavement
Press: ? - help, Shift-Dir - straight line, f/p - orc warrior
Aim: an orc warrior, wielding a +0 glaive and wearing a +0 chain mail (moderately wounded, fast, chance to defeat MR: 62%)
The orc warrior resists with significant effort.
The orc warrior hits you from afar with a +0 glaive!!
Ouch! That really hurt!
You die...

......... ......... .........
.....).)# .......†# .......o#
##### ........# #...
#@#####.##### #........[..#
####################.###.#
.........l......# #.#...# #
##.#............###.#.###
#.##...<...........#.....##
.......).......................
###..#..##...........##########
........##....†÷.l......[


You could see an orc warrior.

Vanquished Creatures
  A phantom (D:4)
  A bullfrog (D:4)
  Natasha (thrice) (D:2)
  4 adders
  2 oozes
  4 dart slugs
  3 leopard geckos
  3 orcs (D:4)
  A ball python (D:1)
  4 bats
  5 goblins
  2 hobgoblins
  3 frilled lizards (D:2)
  4 kobolds (D:1)
  A leopard gecko skeleton (D:4)
  7 rats
48 creatures vanquished.

Notes
Turn   | Place    | Note
-------+----------+-------------------------------------------
     0 | D:1      | Maedhros the Octopode Artificer began the quest for the
                  | Orb.
     0 | D:1      | Reached XP level 1. HP: 13/13 MP: 3/3
   285 | D:1      | Reached XP level 2. HP: 6/18 MP: 4/4
   659 | D:1      | Reached XP level 3. HP: 22/23 MP: 5/5
  1063 | D:2      | Noticed Natasha
  1068 | D:2      | Killed Natasha
  1130 | D:2      | Reached XP level 4. HP: 11/28 MP: 7/7
  1258 | D:2      | Noticed Natasha
  1271 | D:2      | Killed Natasha
  1450 | D:2      | Noticed Natasha
  1458 | D:2      | Reached skill level 1 in Shields
  1458 | D:2      | Reached XP level 5. HP: 19/33 MP: 8/8
  1462 | D:2      | Killed Natasha
  1860 | D:4      | Found Puwosi's Gadget Shoppe.
  1864 | D:4      | Noticed a phantom
  1883 | D:4      | Killed a phantom
  1883 | D:4      | Reached skill level 5 in Stealth
  1883 | D:4      | Reached skill level 5 in Evocations
  1883 | D:4      | Reached XP level 6. HP: 38/38 MP: 9/9
  1998 | D:4      | Noticed an orc warrior
  2005 | D:4      | Mangled by an orc warrior

Levels and vault maps discovered:
D:1:      dpeg_arrival_concentric_ovals, layout_loops_ring,
          minmay_tree_intersection
D:2:      layout_basic, uniq_natasha
D:3:      layout_rooms, lemuel_round_altar, serial_glass, glass_columns_a,
          glass_columns_a, chequers_garden
D:4:      layout_basic, marbit_many_paths, serial_shops, shop_statue

Skill      XL: |  1  2  3  4  5  6 |
---------------+-------------------+-----
Stealth        | 2 3 4 5 |  5.3
Evocations     | 4 5 |  5.2
Shields        | 1 2 |  2.2
Dodging        | 3 |  3.1
Fighting       | |  1.0
Short Blades   | |  1.0

Action                   |  1- 3 |  4- 6 || total
-------------------------+-------+-------++-------
Melee: Short sword       |    47 |    44 ||    91
       Constrict         |    13 |    12 ||    25
       Tentacles         |    10 |     8 ||    18
Evoke: Wand              |       |    10 ||    10
 Stab: Sleeping          |     2 |     2 ||     4
       Distracted        |       |     1 ||     1
  Eat: Chunk             |       |     3 ||     3
Armor: Skin              |     3 |     5 ||     8
Dodge: Dodged            |    20 |    23 ||    43
Block: Buckler           |       |     5 ||     5

Table legend:
 A = Non-vault XP
 B = Vault XP
 C = Vault XP percentage of total XP
 D = Non-vault monster count
 E = Vault monster count
 F = Vault count percentage of total count
                 A         B        C        D         E       F
            +---------+---------+-------+---------+---------+-------
      Total |     419 |      36 |   7.9 |      47 |       1 |   2.1
            +---------+---------+-------+---------+---------+-------
        D:1 |      40 |       0 |   0.0 |      22 |       0 |   0.0
        D:2 |     139 |      36 |  20.6 |      17 |       1 |   5.6
        D:4 |     240 |       0 |   0.0 |       8 |       0 |   0.0
            +---------+---------+-------+---------+---------+-------
